 Dungeon Crawl Stone Soup version 0.28.0-49-g6dfe1f597d (webtiles) character file.

Game seed: 7500768070622837305

282 VictoriousLee the Chopper (level 6, 0/21 (47) HPs)
             Began as a Formicid Fighter on May 19, 2022.
             Slain by Eustachio
             ... wielding a +5 falchion of draining
              (1 damage)
             ... on level 4 of the Dungeon.
             The game lasted 00:15:52 (3648 turns).

VictoriousLee the Chopper (Formicid Fighter)        Turns: 3648, Time: 00:15:53

HP:   0/21 (47)     AC:  8    Str: 22    XL:     6   Next: 54%
MP:   6/6           EV:  9    Int:  8    God:
Gold: 124           SH:  4    Dex: 10    Spells: 5/5 levels left

rFire   + . .      SeeInvis +   a - +0 war axe
rCold   + . .      Faith    .   c - +0 buckler
rNeg    . . .      Spirit   .   b - +0 scale mail
rPois   +          Reflect  .   (helmet unavailable)
rElec   +          Harm     .   o - +0 cloak
rCorr   +          Rampage  .   (no gloves)
Will    .....                   (no boots)
Stlth   ..........              (no amulet)
HPRegen 0.07/turn               (no ring)
MPRegen 0.10/turn               (no ring)

@: resistant, extremely drained
A: permanent stasis, dig shafts and tunnels, antennae 3, four strong arms
a: Dig, Shaft Self


You were on level 4 of the Dungeon.
You visited 2 branches of the dungeon, and saw 5 of its levels.

You collected 124 gold pieces.

Inventory:

Hand Weapons
 a - a +0 war axe (weapon)
 g - a +2 dagger of venom
 r - a +0 flail
 x - a +2 dagger of pain
 D - a +0 hand crossbow
 H - a +0 war axe
Missiles
 d - 2 boomerangs
 f - 14 poisoned darts (quivered)
 i - a throwing net
 p - 187 stones
 q - 92 arrows
 s - 6 curare-tipped darts
 y - 4 javelins
 E - 17 bolts
Armour
 b - a +0 scale mail (worn)
 c - a +0 buckler (worn)
 k - a +0 plate armour
 m - a +0 ring mail
 o - a +0 cloak (worn)
 w - a +0 chain mail
Wands
 C - a wand of digging (5)
 F - a wand of mindburst (16)
Scrolls
 h - 3 scrolls of teleportation {unknown}
 j - a scroll of immolation {unknown}
 v - 3 scrolls of vulnerability {unknown}
 B - a scroll of identify {unknown}
 I - a scroll of noise {unknown}
Potions
 l - 2 potions of curing {unknown}
 t - a potion of brilliance {unknown}
 u - 2 potions of lignification {unknown}
 z - a potion of attraction {unknown}
 A - a potion of mutation {unknown}
 G - a potion of degeneration {unknown}


   Skills:
 - Level 3.2 Fighting
 + Level 6.4 Axes
 - Level 3.2 Armour
 - Level 3.6 Shields


You had 5 spell levels left.
You didn't know any spells.
Your spell library contained the following spells:

 Spells                   Type           Power      Damage    Failure   Level
 Sublimation of Blood     Necr           0%         N/A       91%         2
 Wereblood                Tmut           0%         N/A       91%         2
 Summon Hydra             Summ           0%         N/A       100%        7


Dungeon Overview and Level Annotations

Branches:
Dungeon (4/15)             Temple (1/1) D:4

Altars:
Fedhas
Kikubaaqudgha
Nemelex Xobeh
Ru
Sif Muna
Trog
Uskayaw
Wu Jian
Yredelemnul
The Shining One

Annotations:
D:4 Eustachio


Innate Abilities, Weirdness & Mutations

You cannot be hasted, slowed, berserked, paralysed or teleported.
You can dig through walls and to a lower floor.
You have a pair of large antennae on your head. (SInv)
Your four strong arms can wield two-handed weapons with a shield.


Message History

You see here a hobgoblin skeleton.
I - a scroll labelled YSIALI GA DU COPH
p - 187 stones (gained 30) Eustachio shouts!
Okay, then.
You barely miss Eustachio.
Eustachio hits you with a +5 falchion of draining.
You feel drained.
You barely miss Eustachio.
Eustachio hits you with a +5 falchion of draining.
You feel drained.
You closely miss Eustachio.
Eustachio mumbles some strange words.
Eustachio blinks!
Okay, then.
It was a potion of haste.
Your stasis prevents you from being hasted.
It was a potion of resistance.
You feel protected.
You closely miss Eustachio. Eustachio completely misses you.
Eustachio hits you with a +5 falchion of draining.
You feel drained.
You hit Eustachio.
Eustachio is lightly wounded.
Eustachio hits you with a +5 falchion of draining.
You feel drained.
You hit Eustachio.
Eustachio is lightly wounded.
Eustachio closely misses you.
You hit Eustachio.
Eustachio is moderately wounded.
Eustachio hits you with a +5 falchion of draining.
You feel drained.
* * * LOW HITPOINT WARNING * * *
You closely miss Eustachio.
Eustachio is moderately wounded.
Eustachio hits you with a +5 falchion of draining.
* * * LOW HITPOINT WARNING * * *
You feel drained.
You die...

###.###.....#
##.........#.#
#....####.##.# #....#
#@.#.## #....#
##..#..#
@....@.#.###.#.#..#
.......#.##.##.#..#
..g....#.#@###.#..##
.......#.##@##.#...#
.......#.#.###...#.##
......##.........#..#
# ......
########..##.# #
##.##.# # #).#.# ####
##.#.# ...# #...#
#### { { ##..#


You could see Eustachio.

Vanquished Creatures
  A black bear (D:4)
  A scorpion (D:4)
  Ijyb (D:4)
  A hound skeleton (D:4)
  4 adders
  A dart slug (D:1)
  3 endoplasms (D:2)
  3 giant cockroaches
  10 goblins
  5 hobgoblins
  2 quokkas (D:4)
  3 ball pythons (D:2)
  4 bats
  8 kobolds
  5 rats
52 creatures vanquished.

Notes
Turn   | Place    | Note
-------+----------+-------------------------------------------
     0 | D:1      | VictoriousLee the Formicid Fighter began the quest for the
                  | Orb.
     0 | D:1      | Reached XP level 1. HP: 18/18 MP: 1/1
   117 | D:1      | Reached XP level 2. HP: 24/24 MP: 2/2
   623 | D:2      | Reached skill level 3 in Axes
   764 | D:2      | Reached XP level 3. HP: 29/29 MP: 3/3
  1451 | D:3      | Reached skill level 4 in Axes
  1451 | D:3      | Reached XP level 4. HP: 32/35 MP: 4/4
  1621 | D:3      | Found a faded altar of an unknown god.
  2050 | D:4      | Noticed a scorpion
  2055 | D:4      | Killed a scorpion
  2056 | D:4      | Reached skill level 5 in Axes
  2056 | D:4      | Reached XP level 5. HP: 23/41 MP: 5/5
  2459 | D:4      | Noticed a black bear
  2468 | D:4      | Killed a black bear
  2469 | D:4      | Reached skill level 6 in Axes
  2469 | D:4      | Reached XP level 6. HP: 40/47 MP: 6/6
  2580 | D:4      | Noticed Ijyb
  2599 | D:4      | Killed Ijyb
  2710 | D:4      | Noticed Eustachio
  2995 | D:4      | Found a staircase to the Ecumenical Temple.
  3005 | Temple   | Entered the Ecumenical Temple
  3648 | D:4      | HP: 1/22 [Eustachio/+5 falchion of draining (5)]
  3648 | D:4      | Slain by Eustachio

Illustrated notes

Levels and vault maps discovered:
D:1:      eino_arrival_cavern_e, layout_basic
D:2:      layout_basic, minmay_misc_feat_roman, corexii_hall_statues_i,
          hex_large
D:3:      layout_basic, chequers_ecumenical_altar_island, lemuel_old_faithful
D:4:      layout_basic, minmay_temple_entry_junction_2, grunt_ministairs_7,
          cheibrodos_gnoll_hut, uniq_ijyb, uniq_eustachio
Temple:   jpeg_temple_alley_garden

Skill      XL: |  1  2  3  4  5 |
---------------+----------------+-----
Axes           | 3 4 5 6 |  6.4
Fighting       | |  3.2
Armour         | |  3.2
Shields        | |  3.6

Action                   |  1- 3 |  4- 6 || total
-------------------------+-------+-------++-------
Melee: War axe           |    66 |    93 ||   159
Throw: Dart              |       |     3 ||     3
 Abil: Dig               |       |     2 ||     2
  Use: Potion            |       |     4 ||     4
Armor: Scale mail        |    29 |    32 ||    61
Dodge: Dodged            |    29 |    32 ||    61
Block: Buckler           |    11 |    16 ||    27
